 Dungeon Sprint DCSS version 0.28-a0-1435-g82390b3a13 (webtiles) character file.

Game seed: 15708714488973148796

3199 mhtbhm the Severer (level 9, -17/145 HPs)
             Began as a Minotaur Berserker on Jan 9, 2022.
             Was a High Priest of Trog.
             Killed from afar by Sigmund (32 damage)
             ... with a bolt of fire
             ... in the Dungeon (Sprint III: "The Ten Rune Challenge").
             The game lasted 00:02:17 (2504 turns).

mhtbhm the Severer (Minotaur Berserker)             Turns: 2504, Time: 00:02:17

Health: -17/145    AC:  7    Str: 26    XL:     9   Next: 64%
Magic:  8/8        EV: 14    Int:  4    God:    Trog [*****.]
Gold:   57         SH:  0    Dex: 12    Spells: 8/8 levels left

rFire   . . .      SeeInvis .   a - +0 hand axe
rCold   . . .      Faith    .   (no shield)
rNeg    . . .      Spirit   .   b - +0 ring mail
rPois   .          Reflect  .   (helmet restricted)
rElec   .          Harm     .   (no cloak)
rCorr   .          Rampage  .   (no gloves)
Will    .....      NoTele   +   (no boots)
Stlth   ..........              (no amulet)
HPRegen 0.34/turn               (no ring)
MPRegen 0.11/turn               (no ring)

@: berserking (expiring), slowed
A: horns 2, retaliatory headbutt, agile 1
a: Renounce Religion, Berserk, Trog's Hand, Brothers in Arms


You were in the Dungeon.
You worshipped Trog.
Trog was extremely pleased with you.
You visited 1 branch You collected 57 gold pieces.

Inventory:

Hand Weapons
 a - a +0 hand axe (weapon)
Armour
 b - a +0 ring mail (worn)
Wands
 p - a wand of mindburst (9)
Scrolls
 h - a scroll of blinking
 i - a scroll of vulnerability {unknown}
 j - a scroll of holy word {unknown}
 k - 4 scrolls of identify
 m - a scroll of immolation {unknown}
Potions
 e - a potion of haste
 f - 2 potions of magic
 g - a potion of berserk rage
 l - a potion of flight {unknown}
 n - a potion of might
 o - 2 potions of mutation
Miscellaneous
 d - a piece from Xom's chessboard (15/15)


   Skills:
 + Level 15.2 Fighting
 + Level 17.6 Axes
 + Level 9.8 Armour
 + Level 8.5 Dodging
 + Level 3.0 Stealth
 + Level 0.8 Evocations


You had 8 spell levels left.
You didn't know any spells.
Your spell library was empty.

Dungeon Overview and Level Annotations

Branches:
Dungeon (1/1)

Altars:
Cheibriados
Dithmenos
Elyvilon
Fedhas
Gozag
Hepliaklqana
Kikubaaqudgha
Makhleb
Nemelex Xobeh
Okawaru
Qazlal
Ru
Sif Muna
Trog
Uskayaw
Vehumet
Wu Jian
Xom
Yredelemnul
Zin
The Shining One
Beogh
Jiyva
Lugonu

Annotations:
D Sigmund


Innate Abilities, Weirdness & Mutations

You have a pair of horns on your head.
You reflexively headbutt those who attack you in melee.
You are agile. (Dex +2)


Message History

You barely miss Edmund. Your headbutt misses Edmund.
Edmund is severely wounded.
You feel sick. Edmund closely misses you. You furiously retaliate!
You headbutt Edmund!
Unknown command.
You slash Edmund!
Edmund is almost dead.
Something hits you. Space warps horribly around you!
Edmund hits you with a +0 great mace of freezing!
Edmund freezes you.
* * * LOW HITPOINT WARNING * * *
Unknown command.
You completely miss Edmund. You headbutt Edmund!
Edmund is almost dead.
You feel sick.
You hit Edmund.
Edmund is almost dead.
You feel sick.
Edmund hits you with a +0 great mace of freezing!
* * * LOW HITPOINT WARNING * * *
Edmund freezes you.
* * * LOW HITPOINT WARNING * * *
Something hits you.
* * * LOW HITPOINT WARNING * * *
You slash Edmund!
You kill Edmund!
Trog accepts your kill.
Your Stealth skill increases to level 3!
You feel sick. Something hits you!
* * * LOW HITPOINT WARNING * * *
Things that are here:
a +0 great mace of freezing; 7 curare-tipped darts Unknown command.
You slash something!
You feel sick.
You are no longer poisoned.
You miss something. You headbutt something!
You hear some strange, mumbled words.
A bolt of fire appears from out of thin air!
The bolt of fire hits you!!
You die...

##.#..#.##.###)#^..^..#
'##)#.#.##)#.)##......#
#.))#..#..##..'^......#
▓▓▓▓▓▓▓▓▓▓▓▓▓▓#.^.....#
........≈≈≈...#..^...^#
≈≈≈≈≈≈≈≈≈≈♣♣..'..^....#
♣♣♣♣♣♣♣♣♣♣♣♣..#..^....#
♣♣♣##'###### #.@.+
#.{.# #...# #####


There were no monsters in sight!

Vanquished Creatures
  Erolcha (D)
  A deep elf pyromancer (D)
  Edmund (D)
  A shadow (D)
  2 redbacks (D)
  A spatial vortex (D)
  A necrophage (D)
  5 two-headed ogres (D)
  A water elemental (D)
  A jelly (D)
  Jessica (D)
  A wizard (D)
  A necromancer (D)
  3 humans (D)
  A kobold demonologist (D)
  A wolf (D)
  2 wandering mushrooms (D)
  An endoplasm (D)
  2 rats (D)
28 creatures vanquished.

Vanquished Creatures (others)
  A wandering mushroom (D)
  3 plants (D)
4 creatures vanquished.

Grand Total: 32 creatures vanquished

Notes
Turn   | Place    | Note
-------+----------+-------------------------------------------
     0 | D        | mhtbhm the Minotaur Berserker began the quest for the Orb.
     0 | D        | Reached XP level 1. HP: 19/19 MP: 0/0
    11 | D        | Reached skill level 4 in Axes
    43 | D        | Noticed Jessica
    50 | D        | Killed Jessica
    50 | D        | Reached ** piety under Trog
    51 | D        | Reached skill level 5 in Fighting
    51 | D        | Reached skill level 5 in Axes
    51 | D        | Reached XP level 2. HP: 25/30 MP: 1/1
    98 | D        | Reached XP level 3. HP: 37/37 MP: 2/2
   145 | D        | Reached skill level 6 in Axes
   246 | D        | Gained mutation: You have sharp fingernails. [potion of
                  | mutation]
   250 | D        | Lost mutation: You have sharp fingernails. [potion of
                  | mutation]
   250 | D        | Gained mutation: Your magical capacity is low. (-10% MP)
                  | [potion of mutation]
   250 | D        | Gained mutation: You have sharp toenails. [potion of
                  | mutation]
   253 | D        | Noticed a water elemental
   257 | D        | Killed a water elemental
   257 | D        | Reached *** piety under Trog
   258 | D        | Reached skill level 8 in Axes
   258 | D        | Reached XP level 4. HP: 48/48 MP: 2/2
   287 | D        | Lost mutation: Your magical capacity is low. (-10% MP)
                  | [potion of mutation]
   287 | D        | Lost mutation: You have sharp toenails. [potion of
                  | mutation]
   287 | D        | Gained mutation: You are agile. (Dex +2) [potion of
                  | mutation]
   292 | D        | Found a radiant altar of Vehumet.
   292 | D        | Found a shimmering blue altar of Sif Muna.
   292 | D        | Found an ancient bone altar of Kikubaaqudgha.
   292 | D        | Noticed a wizard
   298 | D        | Killed a wizard
   299 | D        | Reached XP level 5. HP: 36/53 MP: 2/4
   299 | D        | Reached **** piety under Trog
   300 | D        | Reached skill level 9 in Axes
   396 | D        | Found a basalt altar of Yredelemnul.
   396 | D        | Found a shadowy altar of Dithmenos.
   396 | D        | Found a sacrificial altar of Ru.
   396 | D        | Noticed a necrophage
   405 | D        | Killed a necrophage
   406 | D        | Reached skill level 10 in Axes
   406 | D        | Reached skill level 5 in Armour
   409 | D        | Reached XP level 6. HP: 12/64 MP: 5/5
   651 | D        | Found a glowing silver altar of Zin.
   651 | D        | Found a glowing golden altar of the Shining One.
   651 | D        | Found a white marble altar of Elyvilon.
   652 | D        | Noticed a deep elf pyromancer
   655 | D        | Noticed a fire elemental
   656 | D        | Noticed a fire elemental
   656 | D        | Noticed a fire elemental
   656 | D        | Killed a deep elf pyromancer
   657 | D        | Reached skill level 13 in Axes
   657 | D        | Reached skill level 5 in Dodging
   657 | D        | Reached XP level 7. HP: 73/75 MP: 6/6
   668 | D        | Found a hide-covered altar of Uskayaw.
   668 | D        | Found an iron altar of Okawaru.
   668 | D        | Found a bloodstained altar of Trog.
   668 | D        | Found an ornate altar of the Wu Jian Council.
   668 | D        | Noticed a human
   669 | D        | Noticed a human
   677 | D        | Killed a human
   684 | D        | Killed a human
   684 | D        | Reached ***** piety under Trog
   685 | D        | Reached skill level 14 in Axes
   742 | D        | Noticed a shadow
   764 | D        | Killed a shadow
   765 | D        | Reached XP level 8. HP: 34/85 MP: 7/7
  1017 | D        | Found a blossoming altar of Fedhas.
  1017 | D        | Found a stormy altar of Qazlal.
  1017 | D        | Found a snail-covered altar of Cheibriados.
  1017 | D        | Found a burning altar of Makhleb.
  1017 | D        | Found a shimmering altar of Xom.
  1018 | D        | Found a hazy altar of Hepliaklqana.
  1018 | D        | Found an opulent altar of Gozag.
  1018 | D        | Found a sparkling altar of Nemelex Xobeh.
  1018 | D        | Found a corrupted altar of Lugonu.
  1018 | D        | Found a viscous altar of Jiyva.
  1026 | D        | Reached skill level 1 in Stealth
  1084 | D        | Reached skill level 15 in Axes
  1206 | D        | Noticed a two-headed ogre
  1223 | D        | Killed a two-headed ogre
  1457 | D        | Noticed a two-headed ogre
  1457 | D        | Noticed Erolcha
  1464 | D        | Killed Erolcha
  1464 | D        | Received a gift from Trog
  1465 | D        | Reached skill level 16 in Axes
  1465 | D        | Reached XP level 9. HP: 96/96 MP: 8/8
  1469 | D        | Killed a two-headed ogre
  1470 | D        | Reached skill level 17 in Axes
  1568 | D        | Reached skill level 15 in Fighting
  1770 | D        | Noticed a wandering mushroom
  1774 | D        | Noticed a wandering mushroom
  1776 | D        | Noticed a wandering mushroom
  2258 | D        | Reached ****** piety under Trog
  2486 | D        | Noticed Sigmund
  2486 | D        | Noticed Edmund
  2501 | D        | Killed Edmund
  2504 | D        | Killed from afar by Sigmund

Illustrated notes

Levels and vault maps discovered:
D:        dungeon_sprint_mu [sprint_mu_entry_cave, sprint_mu_temple_rooms,
          sprint_mu_d1_spiders, sprint_mu_d2_genie, sprint_mu_d3_branching,
          sprint_mu_orc_legion, sprint_mu_elf_gauntlet, sprint_mu_hive_nellie,
          sprint_mu_lair_fedhas, sprint_mu_vaults_butterflies,
          sprint_mu_slime_circle, sprint_mu_swamp_cave, sprint_mu_shoals_kraken,
          sprint_mu_blade_basic, sprint_mu_crypt_fortress,
          sprint_mu_tomb_spiral, sprint_mu_vestibule_basic,
          sprint_mu_gehenna_hellfire, sprint_mu_dis_giant,
          sprint_mu_tartarus_statrot, sprint_mu_cocytus_islands, sprint_mu_zot1]

Skill      XL: |  1  2  3  4  5  6  7  8  9 |
---------------+----------------------------+-----
Fighting       | 5 7 8 9 11 12 14 15 | 15.2
Axes           | 5 8 10 13 14 16 17 | 17.6
Armour         | 3 4 5 6 7 9 |  9.8
Dodging        | 3 4 5 6 7 8 |  8.5
Stealth        | 2 3 |  3.0
Evocations     | |  0.8

Action                   |  1- 3 |  4- 6 |  7- 9 || total
-------------------------+-------+-------+-------++-------
Melee: Hand axe          |    12 |    22 |   129 ||   163
       Headbutt          |     4 |     7 |    37 ||    48
       Kick              |     2 |       |       ||     2
       Punch             |       |     1 |     1 ||     2
Invok: Berserk           |     2 |       |     4 ||     6
Evoke: Piece from Xom's  |       |       |     2 ||     2
  Use: Potion            |     2 |     1 |     3 ||     6
Armor: Leather armour    |       |     3 |     2 ||     5
       Ring mail         |       |       |    10 ||    10
Dodge: Dodged            |     5 |     4 |    55 ||    64

Table legend: (Time is in decaauts)
 A = Elapsed time spent in this place.
 B = Non-inter-level travel time spent in this place.
 C = Inter-level travel time spent in this place.
 D = Time resting spent in this place.
 E = Time spent auto-exploring this place.
 F = Levels seen in this place.
 G = Mean time per level.
                   A        B        C        D        E       F      G
               +--------+--------+--------+--------+--------+-----+--------+
         Total |   2504 |   2504 |      0 |   2098 |      6 |   1 | 2504.0 |
       Dungeon |   2504 |   2504 |      0 |   2098 |      6 |   1 | 2504.0 |
               +--------+--------+--------+--------+--------+-----+--------+

Top non-repeatable levels by time:
       D: 2504 daAuts
